TOP OF THE 1ST |
Tuscaloosa Trout Slayers batting - Pitching for Waba Ducks : RHP Armando Pérez
|
Pitching: RHP Armando Pérez
|
|
Batting: RHB Lawrence Yates
|
0-0: Ball 1-0: Reached on error, E6 (Groundball, 6)
|
Batting: RHB Pat Fullerton
|
0-0: Ball 1-0: Ball 2-0: Foul Ball, location: 2F 2-1: Fly out, F7 (Flyball, 7S)
|
Batting: LHB Albert Morgan
|
0-0: SINGLE (Groundball, 34D) (infield hit) Lawrence Yates to second
|
Batting: SHB Jerry Kennedy
|
0-0: Foul Ball, location: 2F 0-1: SINGLE (Line Drive, 89S) Lawrence Yates to third Albert Morgan to second
|
Batting: RHB Shigemasa Ishida
|
0-0: Swinging Strike 0-1: Ball 1-1: Ball 2-1: Ball 3-1: Base on Balls Lawrence Yates scores Albert Morgan to third Jerry Kennedy to second
|
Batting: RHB Jason Saunders
|
0-0: Ball 1-0: Foul Ball, location: 2F 1-1: Ball 2-1: Ball 3-1: Base on Balls Albert Morgan scores Jerry Kennedy to third Shigemasa Ishida to second
|
Batting: LHB Sergio Barrón
|
0-0: Grounds into double play, 4-6-3 (Groundball, 4)
|
Top of the 1st over - 2 run(s), 2 hit(s), 1 error(s), 2 left on base; Tuscaloosa 2 - Waba 0 |
BOTTOM OF THE 1ST |
Waba Ducks batting - Pitching for Tuscaloosa Trout Slayers : RHP Fernando Rodríguez
|
Pitching: RHP Fernando Rodríguez
|
|
Batting: RHB Chris Osborn
|
0-0: Foul Ball, location: 2F 0-1: Ball 1-1: SOLO HOME RUN (Flyball, 7LD), Distance : 324 ft
|
Batting: RHB Luis González
|
0-0: Called Strike 0-1: Ground out 6-3 (Groundball, 6)
|
Batting: LHB Terry White
|
0-0: Ball 1-0: Ball 2-0: SOLO HOME RUN (Flyball, 89XD), Distance : 365 ft
|
Batting: RHB Carlos García
|
0-0: Ball 1-0: Foul Ball, location: 2F 1-1: Called Strike 1-2: Ball 2-2: Strikes out swinging
|
Batting: LHB José Berroa
|
0-0: Ball 1-0: Called Strike 1-1: SINGLE (Line Drive, 78M)
|
Batting: RHB Ed Small
|
0-0: Ball 1-0: Ball 2-0: Ball 3-0: Called Strike 3-1: Called Strike 3-2: Base on Balls José Berroa to second
|
Batting: SHB Cisco Álvarez
|
0-0: Foul Ball, location: 2F 0-1: Ball 1-1: Called Strike 1-2: Ball 2-2: Ball 3-2: Foul Ball, location: 2F 3-2: Strikes out swinging
|
Bottom of the 1st over - 2 run(s), 3 hit(s), 0 error(s), 2 left on base; Tuscaloosa 2 - Waba 2 |
TOP OF THE 2ND |
Tuscaloosa Trout Slayers batting - Pitching for Waba Ducks : RHP Armando Pérez
|
Batting: RHB Jason Erickson
|
0-0: Ball 1-0: Ball 2-0: Ground out 5-3 (Groundball, 56S)
|
Batting: RHB John Moore
|
0-0: Ball 1-0: Swinging Strike 1-1: Swinging Strike 1-2: Foul Ball, location: 2F 1-2: Strikes out looking
|
Batting: RHB Lawrence Yates
|
0-0: Ball 1-0: Called Strike 1-1: Ball 2-1: Foul Ball, location: 2F 2-2: Strikes out swinging
|
Top of the 2nd over - 0 run(s), 0 hit(s), 0 error(s), 0 left on base; Tuscaloosa 2 - Waba 2 |
BOTTOM OF THE 2ND |
Waba Ducks batting - Pitching for Tuscaloosa Trout Slayers : RHP Fernando Rodríguez
|
Batting: RHB António Valdéz
|
0-0: Called Strike 0-1: Called Strike 0-2: Foul Ball, location: 2F 0-2: Ball 1-2: Strikes out swinging
|
Batting: RHB Ramón Torres
|
0-0: Ball 1-0: Ground out 5-3 (Groundball, 56)
|
Batting: RHB Chris Osborn
|
0-0: Called Strike 0-1: Swinging Strike 0-2: Ball 1-2: Ground out 4-3 (Groundball, 4)
|
Bottom of the 2nd over - 0 run(s), 0 hit(s), 0 error(s), 0 left on base; Tuscaloosa 2 - Waba 2 |
TOP OF THE 3RD |
Tuscaloosa Trout Slayers batting - Pitching for Waba Ducks : RHP Armando Pérez
|
Batting: RHB Pat Fullerton
|
0-0: Ball 1-0: Called Strike 1-1: Foul Ball, location: 2F 1-2: Reached on Error, E6 (Line Drive, 6S)
|
Batting: LHB Albert Morgan
|
0-0: Ball 1-0: Called Strike 1-1: Foul Ball, location: 2F 1-2: Ball 2-2: Foul Ball, location: 2F 2-2: Foul Ball, location: 2F 2-2: Strikes out swinging
|
Batting: SHB Jerry Kennedy
|
0-0: Ball 1-0: Ball 2-0: Foul Ball, location: 2F 2-1: Ball 3-1: Base on Balls Pat Fullerton to second
|
Batting: RHB Shigemasa Ishida
|
0-0: Ball 1-0: Ball 2-0: Ball 3-0: Called Strike 3-1: Base on Balls Pat Fullerton to third Jerry Kennedy to second
|
Batting: RHB Jason Saunders
|
0-0: Ball 1-0: Foul Ball, location: 2F 1-1: Ball 2-1: Ball 3-1: SINGLE (Flyball, 6MD) Pat Fullerton scores Jerry Kennedy to third Shigemasa Ishida to second Runner from 3rd tries for Home, SAFE, no throw or cutoff
|
Batting: LHB Sergio Barrón
|
0-0: Foul Ball, location: 2F 0-1: Ball 1-1: Ball 2-1: SINGLE (Groundball, 4S) Shigemasa Ishida to third Jason Saunders to second
|
Batting: RHB Jason Erickson
|
0-0: Fly out, F9 (Flyball, 9LM) Throwing error, E9 Shigemasa Ishida scores Jason Saunders to third Sergio Barrón to second
|
Batting: RHB John Moore
|
0-0: Called Strike 0-1: Foul Ball, location: 2F 0-2: Strikes out swinging
|
Top of the 3rd over - 3 run(s), 2 hit(s), 2 error(s), 2 left on base; Tuscaloosa 5 - Waba 2 |
BOTTOM OF THE 3RD |
Waba Ducks batting - Pitching for Tuscaloosa Trout Slayers : RHP Fernando Rodríguez
|
Batting: RHB Luis González
|
0-0: Swinging Strike 0-1: Foul Ball, location: 2F 0-2: Strikes out swinging
|
Batting: LHB Terry White
|
0-0: Foul Ball, location: 2F 0-1: Swinging Strike 0-2: Strikes out swinging
|
Batting: RHB Carlos García
|
0-0: Called Strike 0-1: Foul Ball, location: 2F 0-2: SINGLE (Line Drive, 8RS)
|
Batting: LHB José Berroa
|
0-0: Ball 1-0: Swinging Strike 1-1: Ball 2-1: Foul Ball, location: 2F 2-2: Ball 3-2: Foul Ball, location: 2F 3-2: Fly out, F8 (Flyball, 8RD)
|
Bottom of the 3rd over - 0 run(s), 1 hit(s), 0 error(s), 1 left on base; Tuscaloosa 5 - Waba 2 |
TOP OF THE 4TH |
Tuscaloosa Trout Slayers batting - Pitching for Waba Ducks : RHP Armando Pérez
|
Batting: RHB Lawrence Yates
|
0-0: Ball 1-0: Ball 2-0: Swinging Strike 2-1: Fly out, F7 (Flyball, 7S)
|
Batting: RHB Pat Fullerton
|
0-0: Ball 1-0: Foul Ball, location: 2F 1-1: Ball 2-1: Ball 3-1: Ground out 6-3 (Groundball, 6M)
|
Batting: LHB Albert Morgan
|
0-0: Called Strike 0-1: Ball 1-1: Called Strike 1-2: Foul Ball, location: 2F 1-2: Ball 2-2: SINGLE (Groundball, 34S)
|
Batting: SHB Jerry Kennedy
|
0-0: Called Strike 0-1: Fly out, F5 (Popup, 5F)
|
Top of the 4th over - 0 run(s), 1 hit(s), 0 error(s), 1 left on base; Tuscaloosa 5 - Waba 2 |
BOTTOM OF THE 4TH |
Waba Ducks batting - Pitching for Tuscaloosa Trout Slayers : RHP Fernando Rodríguez
|
Batting: RHB Ed Small
|
0-0: Fly out, F9 (Flyball, 9M)
|
Batting: SHB Cisco Álvarez
|
0-0: Called Strike 0-1: Foul Ball, location: 2F 0-2: Foul Ball, location: 2F 0-2: Foul Ball, location: 2F 0-2: Strikes out swinging
|
Batting: RHB António Valdéz
|
0-0: Called Strike 0-1: Swinging Strike 0-2: Ball 1-2: Ball 2-2: Foul Ball, location: 2F 2-2: Foul Ball, location: 2F 2-2: Ground out 5-3 (Groundball, 5)
|
Bottom of the 4th over - 0 run(s), 0 hit(s), 0 error(s), 0 left on base; Tuscaloosa 5 - Waba 2 |
TOP OF THE 5TH |
Tuscaloosa Trout Slayers batting - Pitching for Waba Ducks : RHP Armando Pérez
|
Batting: RHB Shigemasa Ishida
|
0-0: Called Strike 0-1: Called Strike 0-2: Foul Ball, location: 2F 0-2: Ball 1-2: Strikes out swinging
|
Batting: RHB Jason Saunders
|
0-0: Called Strike 0-1: Foul Ball, location: 2F 0-2: Strikes out looking
|
Batting: LHB Sergio Barrón
|
0-0: Ball 1-0: Ball 2-0: Foul Ball, location: 2F 2-1: Ball 3-1: Foul Ball, location: 2F 3-2: Fly out, F8 (Line Drive, 8LM)
|
Top of the 5th over - 0 run(s), 0 hit(s), 0 error(s), 0 left on base; Tuscaloosa 5 - Waba 2 |
BOTTOM OF THE 5TH |
Waba Ducks batting - Pitching for Tuscaloosa Trout Slayers : RHP Fernando Rodríguez
|
Batting: RHB Ramón Torres
|
0-0: SOLO HOME RUN (Flyball, 7LD), Distance : 337 ft
|
Batting: RHB Chris Osborn
|
0-0: Called Strike 0-1: SINGLE (Flyball, 8RS)
|
Batting: RHB Luis González
|
0-0: Ball 1-0: Called Strike 1-1: Ball 2-1: Foul Ball, location: 2F 2-2: Strikes out swinging
|
Batting: LHB Terry White
|
0-0: Ball 1-0: Grounds into double play, 1-6-3 (Groundball, 23)
|
Bottom of the 5th over - 1 run(s), 2 hit(s), 0 error(s), 0 left on base; Tuscaloosa 5 - Waba 3 |
TOP OF THE 6TH |
Tuscaloosa Trout Slayers batting - Pitching for Waba Ducks : RHP Armando Pérez
|
Pitching: RHP Sergio Torres
|
|
Batting: RHB Jason Erickson
|
0-0: Ball 1-0: SINGLE (Groundball, 25) (infield hit)
|
Batting: RHB John Moore
|
0-0: Ball 1-0: Swinging Strike 1-1: Ball 2-1: Ball 3-1: Base on Balls Jason Erickson to second
|
Batting: RHB Lawrence Yates
|
0-0: Called Strike 0-1: Ball 1-1: Foul Ball, location: 2F 1-2: Strikes out looking
|
Batting: RHB Pat Fullerton
|
0-0: Ball 1-0: Foul Ball, location: 2F 1-1: Foul Ball, location: 2F 1-2: Foul Ball, location: 2F 1-2: Grounds into double play, 6-4-3 (Groundball, 6)
|
Top of the 6th over - 0 run(s), 1 hit(s), 0 error(s), 1 left on base; Tuscaloosa 5 - Waba 3 |
BOTTOM OF THE 6TH |
Waba Ducks batting - Pitching for Tuscaloosa Trout Slayers : RHP Fernando Rodríguez
|
Batting: RHB Carlos García
|
0-0: Swinging Strike 0-1: Foul Ball, location: 2F 0-2: Ball 1-2: Ball 2-2: Fly out, F8 (Flyball, 8RXD)
|
Batting: LHB José Berroa
|
0-0: SOLO HOME RUN (Flyball, 89XD), Distance : 381 ft
|
Batting: RHB Ed Small
|
0-0: SINGLE (Groundball, 25) (infield hit)
|
Batting: SHB Cisco Álvarez
|
0-0: Ball 1-0: Foul Ball, location: 2F 1-1: Foul Ball, location: 2F 1-2: Strikes out swinging
|
Batting: RHB António Valdéz
|
0-0: Called Strike 0-1: Ball 1-1: Ball 2-1: Called Strike 2-2: Strikes out swinging
|
Bottom of the 6th over - 1 run(s), 2 hit(s), 0 error(s), 1 left on base; Tuscaloosa 5 - Waba 4 |
TOP OF THE 7TH |
Tuscaloosa Trout Slayers batting - Pitching for Waba Ducks : RHP Sergio Torres
|
Batting: LHB Albert Morgan
|
0-0: Called Strike 0-1: Fly out, F4 (Popup, 4)
|
Batting: SHB Jerry Kennedy
|
0-0: Fly out, F8 (Flyball, 78XD)
|
Batting: RHB Shigemasa Ishida
|
0-0: Foul Ball, location: 2F 0-1: Swinging Strike 0-2: Strikes out looking
|
Top of the 7th over - 0 run(s), 0 hit(s), 0 error(s), 0 left on base; Tuscaloosa 5 - Waba 4 |
BOTTOM OF THE 7TH |
Waba Ducks batting - Pitching for Tuscaloosa Trout Slayers : RHP Fernando Rodríguez
|
Batting: RHB Ramón Torres
|
0-0: Ball 1-0: Called Strike 1-1: DOUBLE (Line Drive, 3L)
|
Batting: RHB Chris Osborn
|
0-0: Swinging Strike 0-1: Swinging Strike 0-2: Foul Ball, location: 2F 0-2: Ball 1-2: Strikes out swinging
|
Pitching: RHP Alfonso Martínez
|
|
Batting: RHB Luis González
|
0-0: Ground out 3-1 (Groundball, 3) Ramón Torres to third
|
Batting: LHB Terry White
|
0-0: Ball Wild Pitch! Ramón Torres scores 1-0: Hit by Pitch
|
Batting: RHB Carlos García
|
0-0: Ball 1-0: Called Strike 1-1: Ball 2-1: Foul Ball, location: 2F 2-2: Foul Ball, location: 2F 2-2: Ball Terry White is caught stealing 2nd base
|
Bottom of the 7th over - 1 run(s), 1 hit(s), 0 error(s), 0 left on base; Tuscaloosa 5 - Waba 5 |
TOP OF THE 8TH |
Tuscaloosa Trout Slayers batting - Pitching for Waba Ducks : RHP Sergio Torres
|
Pitching: RHP Jared Cameron
|
|
Pinch Hitting: LHB Ricardo Berroa
|
0-0: Ball 1-0: Ball 2-0: Ball 3-0: Base on Balls
|
Batting: LHB Sergio Barrón
|
0-0: Swinging Strike 0-1: SINGLE (Line Drive, 8LS) Ricardo Berroa to second
|
Batting: RHB Jason Erickson
|
0-0: Ball 1-0: Ground out 4-3 (Groundball, 4M) Ricardo Berroa to third Sergio Barrón to second
|
Pinch Hitting: LHB Miguel Rosa
|
0-0: Intentional Walk
|
Pinch Hitting: LHB Marcos Villarreal
|
0-0: Foul Ball, location: 2F 0-1: Fly out, F8 (Flyball, 8LD) Runner from 3rd tags up, SCORES, no throw Sergio Barrón to third
|
Batting: RHB Pat Fullerton
|
0-0: Fly out, F6 (Popup, 5DF)
|
Top of the 8th over - 1 run(s), 1 hit(s), 0 error(s), 2 left on base; Tuscaloosa 6 - Waba 5 |
BOTTOM OF THE 8TH |
Waba Ducks batting - Pitching for Tuscaloosa Trout Slayers : RHP Alfonso Martínez
|
Now at 2B: Wilford Lush
|
|
Now at SS: Mitch Thomas
|
|
Now in CF: Ricardo Berroa
|
|
Batting: RHB Carlos García
|
0-0: Foul Ball, location: 2F 0-1: Foul Ball, location: 2F 0-2: Ball 1-2: Foul Ball, location: 2F 1-2: Strikes out swinging
|
Pitching: LHP Luis López
|
|
Batting: LHB José Berroa
|
0-0: Called Strike 0-1: Ground out 4-3 (Groundball, 4)
|
Pitching: RHP Jesús Ramos
|
|
Batting: RHB Ed Small
|
0-0: Ball 1-0: SINGLE (Line Drive, 34)
|
Pinch Hitting: RHB Tokuhei Kobayashi
|
0-0: Called Strike 0-1: Ball 1-1: Ball 2-1: SINGLE (Line Drive, 56D) Ed Small to second
|
Batting: RHB António Valdéz
|
0-0: Called Strike 0-1: Ball 1-1: Swinging Strike 1-2: Ball 2-2: Foul Ball, location: 2F 2-2: Foul Ball, location: 2F 2-2: Ball 3-2: Foul Ball, location: 2F 3-2: SINGLE (Line Drive, 78S) Ed Small to third Tokuhei Kobayashi to second Ed Small scores Tokuhei Kobayashi to third
|
Batting: RHB Ramón Torres
|
0-0: Fly out, F9 (Flyball, 89S)
|
Bottom of the 8th over - 1 run(s), 3 hit(s), 0 error(s), 2 left on base; Tuscaloosa 6 - Waba 6 |
TOP OF THE 9TH |
Tuscaloosa Trout Slayers batting - Pitching for Waba Ducks : RHP Jared Cameron
|
Pitching: RHP Alex Osborn
|
|
Now at 3B: Tokuhei Kobayashi
|
|
Batting: LHB Albert Morgan
|
0-0: Ball 1-0: Called Strike 1-1: SINGLE (Line Drive, 34)
|
Batting: SHB Jerry Kennedy
|
0-0: Called Strike 0-1: Called Strike 0-2: Ball 1-2: Strikes out swinging
|
Pinch Hitting: RHB Pedro Rodríguez
|
0-0: Called Strike Albert Morgan steals 2nd base 0-1: Fly out, F7 (Flyball, 7M)
|
Batting: LHB Ricardo Berroa
|
0-0: Called Strike 0-1: Called Strike 0-2: Ground out 6-3 (Groundball, 6)
|
Top of the 9th over - 0 run(s), 1 hit(s), 0 error(s), 1 left on base; Tuscaloosa 6 - Waba 6 |
BOTTOM OF THE 9TH |
Waba Ducks batting - Pitching for Tuscaloosa Trout Slayers : RHP Jesús Ramos
|
Now at 3B: Tucker Thomas
|
|
Batting: RHB Chris Osborn
|
0-0: Ball 1-0: Called Strike 1-1: Ball 2-1: Ground out 6-3 (Groundball, 6)
|
Batting: RHB Luis González
|
0-0: Ball 1-0: Fly out, F4 (Popup, 4MD)
|
Batting: LHB Terry White
|
0-0: Ball 1-0: Called Strike 1-1: Ball 2-1: Ball 3-1: Base on Balls
|
Batting: RHB Carlos García
|
0-0: Ball 1-0: Foul Ball, location: 2F 1-1: Foul Ball, location: 2F 1-2: Ball 2-2: SINGLE (Line Drive, 34D) Terry White to second Runner from 2nd tries for 3rd, SAFE, throw made to third Carlos García to second
|
Batting: LHB José Berroa
|
0-0: Ball 1-0: Ball 2-0: Ball 3-0: Base on Balls
|
Pitching: RHP Jules Côté
|
|
Batting: RHB Ed Small
|
0-0: Swinging Strike 0-1: Fly out, F9 (Flyball, 9M)
|
Bottom of the 9th over - 0 run(s), 1 hit(s), 0 error(s), 3 left on base; Tuscaloosa 6 - Waba 6 |
TOP OF THE 10TH |
Tuscaloosa Trout Slayers batting - Pitching for Waba Ducks : RHP Alex Osborn
|
Batting: LHB Sergio Barrón
|
0-0: Ball 1-0: Foul Ball, location: 2F 1-1: SINGLE (Groundball, 56D)
|
Pinch Hitting: RHB Ryan McBride
|
0-0: Sac Bunt - play at first, batter OUT! 2-4 Sergio Barrón to second
|
Pinch Hitting: RHB José Fernández
|
0-0: Swinging Strike 0-1: Ball Wild Pitch! Sergio Barrón to third 1-1: Swinging Strike 1-2: Foul Ball, location: 2F 1-2: Strikes out looking
|
Batting: LHB Wilford Lush
|
0-0: Ball 1-0: Foul Ball, location: 2F 1-1: DOUBLE (Groundball, 3L) Sergio Barrón scores
|
Batting: RHB Pat Fullerton
|
0-0: Ball 1-0: Called Strike 1-1: Swinging Strike 1-2: Strikes out looking
|
Top of the 10th over - 1 run(s), 2 hit(s), 0 error(s), 1 left on base; Tuscaloosa 7 - Waba 6 |
|